 Dungeon Crawl Stone Soup version 0.19-a0-1341-g3513869 (webtiles) character file.

319 mopl the Ruffian (level 6, -17/53 HPs)
             Began as a Troll Wizard on Sept 1, 2016.
             Demolished by an ogre
             ... wielding a +0 giant spiked club
              (34 damage)
             ... on level 3 of the Dungeon.
             The game lasted 00:06:00 (1326 turns).

mopl the Ruffian (Troll Wizard)                     Turns: 1326, Time: 00:06:01

Health: -17/53     AC:  5    Str: 16    XL:     6   Next: 21%
Magic:  8/8        EV: 10    Int: 14    God:
Gold:   110        SH:  2    Dex: 10    Spells: 3 memorised, 4 levels left

rFire  . . .     SeeInvis .       - Unarmed
rCold  . . .     Gourm    +     a - +0 robe
rNeg   + . .     Faith    .     (no shield)
rPois  .         Spirit   .     b - +0 hat
rElec  .         Dismiss  .     (no cloak)
rCorr  .         Reflect  +     (gloves unavailable)
MR     .....     Harm     .     (boots unavailable)
Stlth  +.........               l - +2 amulet of reflection
                                (no ring)
                                h - ring of positive energy

@: no status effects
A: unfitting armour, claws 3, fast metabolism 3, gourmand, regeneration 1,
shaggy fur 1, tough skin 2
a: no special abilities


You were on level 3 of the Dungeon.
You were completely stuffed.

You visited 1 branch of the dungeon, and saw 4 of its levels.

You collected 110 gold pieces.

Inventory:

Missiles
 f - a javelin (quivered)
 j - 22 poisoned needles
Armour
 a - a +0 robe (worn)
 b - a +0 hat (worn)
Jewellery
 h - a ring of positive energy (left claw)
 l - a +2 amulet of reflection (around neck)
Scrolls
 g - 3 scrolls of random uselessness {unknown}
 i - a scroll of teleportation {unknown}
 m - a scroll of magic mapping {unknown}
 p - 3 scrolls of identify {unknown}
 r - a scroll of remove curse {unknown}
Potions
 e - a potion of brilliance {unknown}
 n - a potion of invisibility {unknown}
 o - a potion of resistance {unknown}
Books
 c - a book of Minor Magic

   Spells                             Type                      Level
   a - Magic Dart                     Conjuration                  1
   b - Blink                          Translocation                2
   c - Call Imp                       Summoning                    2
   d - Repel Missiles                 Charms/Air                   2
   e - Slow                           Hexes                        2
   f - Conjure Flame                  Conjuration/Fire             3
   g - Mephitic Cloud                 Conjuration/Poison/Air       3
Comestibles
 d - 4 bread rations
 k - 3 meat rations
 q - 6 chunks of flesh


   Skills:
 - Level 1.5 Dodging
 - Level 1.1 Stealth
 * Level 6.2 Unarmed Combat
 - Level 2.0 Spellcasting
 - Level 0.6 Conjurations
   Level 0.6 Summonings
 - Level 0.6 Translocations


You had 4 spell levels left.
You knew the following spells:

 Your Spells              Type           Power        Failure   Level  Hunger
a - Magic Dart            Conj           #...         21%         1    ##.....
e - Blink                 Tloc           N/A          30%         2    ###....
i - Repel Missiles        Chrm/Air       #.....       34%         2    ###....


Dungeon Overview and Level Annotations

Branches:
Dungeon (4/15)
 Temple: D:4-7

Altars:
Kikubaaqudgha
Okawaru
Vehumet
Yredelemnul

Annotations:
D:3 Jessica


Innate Abilities, Weirdness & Mutations

You are too large for most types of armour.
You have claws for hands.
Your metabolism is lightning-fast.
You like to eat raw meat.
Your natural rate of healing is unusually fast.
You are covered in fur. (AC +1)
You have very tough skin. (AC +2)


Message History

Aim: an ogre, wielding a giant spiked club You throw a javelin.
The javelin barely misses the ogre.
Unknown command.
Throwing (i - inventory):
f - 2 javelins (quivered)
Press: ? - help, Shift-Dir - straight line, f/p - ogre
Aim: an ogre, wielding a giant spiked club You throw a javelin.
The javelin barely misses the ogre.
The ogre hits you with a giant spiked club!!
Unknown command.
You are too injured to fight recklessly!
You claw the ogre!
The ogre is heavily wounded.
You claw the ogre!
The ogre is almost dead.
The ogre hits you with a giant spiked club!
You scratch the ogre but do no damage.
The ogre is almost dead.
The ogre hits you with a giant spiked club!!
Ouch! That really hurt!
You die...

#( #.#
#.###.#####...#
#.###+###.#
#..g.g..#..
#..)...†..#
#######...#
#..).###.##
##†##
####.<#(.# #.#
##.(.## #.#
##.## #g#
#######O# #w##
.......@# #O..
.######.# ##...
##.## #....
##..>## #....
#.....# #....
#............
##...
#.#.....#####
#... #.##...##
#.#. # .#.##
#...


You could see an ogre.

Vanquished Creatures
  An iguana (D:3)
  An orc wizard (D:4)
  3 adders (D:2)
  19 gnolls
  2 worms (D:3)
  2 dart slugs
  A giant cockroach (D:2)
  7 goblins
  5 hobgoblins
  4 jackals (D:3)
  A quokka (D:2)
  2 ball pythons (D:3)
  4 bats
  A giant newt (D:3)
  5 kobolds
  2 rats (D:2)
60 creatures vanquished.

Notes
Turn   | Place    | Note
-------+----------+-------------------------------------------
     0 | D:1      | mopl the Troll Wizard began the quest for the Orb.
     0 | D:1      | Reached XP level 1. HP: 16/16 MP: 2/2
    82 | D:2      | Reached skill level 1 in Unarmed Combat
    82 | D:2      | Reached XP level 2. HP: 5/24 MP: 4/4
   141 | D:2      | Reached skill level 2 in Unarmed Combat
   215 | D:2      | Found a radiant altar of Vehumet.
   266 | D:2      | Reached XP level 3. HP: 28/31 MP: 5/5
   297 | D:3      | Found a basalt altar of Yredelemnul.
   320 | D:3      | Found an ancient bone altar of Kikubaaqudgha.
   320 | D:3      | Found an iron altar of Okawaru.
   441 | D:3      | Found a basalt altar of Yredelemnul.
   480 | D:4      | Noticed a scorpion
   490 | D:3      | Reached skill level 3 in Unarmed Combat
   494 | D:3      | Learned a level 2 spell: Blink
   497 | D:3      | Learned a level 2 spell: Repel Missiles
   513 | D:4      | Reached skill level 4 in Unarmed Combat
   513 | D:4      | Reached XP level 4. HP: 6/39 MP: 6/6
   704 | D:3      | Noticed a hill giant
   735 | D:3      | Reached XP level 5. HP: 31/45 MP: 7/7
   747 | D:3      | Reached skill level 5 in Unarmed Combat
   777 | D:3      | Noticed an ogre
  1204 | D:3      | Reached XP level 6. HP: 46/53 MP: 8/8
  1214 | D:3      | Noticed Jessica
  1220 | D:3      | Reached skill level 6 in Unarmed Combat
  1326 | D:3      | Demolished by an ogre

Vault maps used:
D:1:      scummos_arrival_checkerplants
D:2:      vehumet_crystals, first_bread, supply_closet_lemuel,
          hangedman_decor_opposing
D:3:      lemuel_castle_with_subvaults, fedhas_altar_fruit_tree,
          gammafunk_temple_overflow_statue, lemuel_doored_altar,
          yredelemnul_altar_generic, uniq_robin, uniq_grinder, uniq_jessica

Skill      XL: |  1  2  3  4  5  6 |
---------------+-------------------+-----
Unarmed Combat | 1 2 4 5 6 |  6.2
Dodging        | |  1.5
Stealth        | |  1.1
Spellcasting   | |  2.0
Conjurations   | |  0.6
Summonings     | |  0.6
Translocations | |  0.6

Action                   |  1- 3 |  4- 6 || total
-------------------------+-------+-------++-------
Melee: Unarmed           |    76 |   134 ||   210
       Punch             |       |     4 ||     4
Throw: Javelin           |       |     2 ||     2
 Stab: Sleeping          |     1 |     2 ||     3
  Eat: Chunk             |     6 |    12 ||    18
Armor: Robe              |    27 |    26 ||    53
Dodge: Dodged            |    32 |    60 ||    92
Block: Other             |     3 |     6 ||     9
